 Dungeon Crawl Stone Soup version 0.30-a0-1035-g38d5fb2972 (webtiles) character file.

Game seed: 15607692258100566299

746 cheesebisquit the Fighter (level 7, -6/102 HPs)
             Began as a Purple Draconian Conjurer on Apr 8, 2023.
             Mangled by Edmund
             ... wielding a +5 heavy dire flail
              (17 damage)
             ... on level 5 of the Dungeon.
             The game lasted 00:15:28 (6227 turns).

cheesebisquit the Fighter (DrCj)                    Turns: 6227, Time: 00:15:28

Health: -6/102     AC: 23    Str: 13 (15) XL:     7   Next: 48%
Magic:  2/11       EV:  2    Int: 18 (21) God:
Gold:   325        SH:  0    Dex:  6 (9)  Spells: 3/11 levels left

rFire   . . .      SeeInvis .    p - staff of conjuration
rCold   . . .      Faith    .    (no shield)
rNeg    . . .      Spirit   .    (body armour unavailable)
rPois   +          Reflect  .    (helmet currently unavailable)
rElec   .          Rampage  .    (cloak currently unavailable)
rCorr   .          NoTele   +    (gloves currently unavailable)
Will    +....                    c - melded +0 pair of boots
Stlth   +                        (no amulet)
HPRegen 0.37/turn                q - ring of wizardry
MPRegen 0.12/turn                f - +6 ring of strength

@: tree-form
A: stationary, stasis, torment immunity, boosted hp, (breathe power), AC +6,
unfitting armour, (cold-blooded)
a: no special abilities


You were on level 5 of the Dungeon.
You were a tree.
You visited 1 branch of the dungeon, and saw 5 of its levels.

You collected 325 gold pieces.

Inventory:

Missiles
 m - 5 datura-tipped darts
Armour
 c - a +0 pair of boots (melded)
Magical Staves
 p - a staff of conjuration (weapon)
Jewellery
 d - a ring of ice
 f - a +6 ring of strength (right branch)
 q - a ring of wizardry (left branch)
Wands
 j - a wand of iceblast (6)
 w - a wand of flame (18)
Scrolls
 a - 2 scrolls of fog {unknown}
 b - 3 scrolls of magic mapping {unknown}
 e - 4 scrolls of identify {unknown}
 g - 2 scrolls of immolation {unknown}
 h - a scroll of enchant weapon {unknown}
 i - 2 scrolls of blinking {unknown}
 r - a scroll of teleportation {unknown}
 s - 2 scrolls of amnesia {unknown}
 t - 4 scrolls of enchant armour {unknown}
 v - a scroll of torment {unknown}
Potions
 n - a potion of might {unknown}
 o - a potion of attraction
 u - a potion of cancellation {unknown}


   Skills:
 + Level 8.3 Fighting
 + Level 1.1 Staves
 - Level 1.7 Dodging
 - Level 1.7 Stealth
 + Level 2.9 Spellcasting
 + Level 4.2 Conjurations
 + Level 1.1 Hexes
 + Level 1.1 Evocations


You had 3 spell levels left.
You knew the following spells:

 Your Spells              Type           Power      Damage    Failure   Level
a - Magic Dart            Conj           100%       1d8       1%          1
b - Dazzling Flash        Conj/Hex       36%        N/A       6%          3
c - Fulminant Prism       Conj/Hex       9%         3d7       21%         4

Your spell library contained the following spells:

 Spells                   Type           Power      Damage    Failure   Level
 Searing Ray              Conj           52%        2d6       1%          2
 Static Discharge         Conj/Air       30%        2-4/arc   4%          2
 Sting                    Tmut/Pois      8%         1d3       7%          1
 Hailstorm                Conj/Ice       15%        3d5       9%          3
 Poisonous Vapours        Pois/Air       4%         N/A       11%         2
 Iskenderun's Mystic Bla  Conj/Tloc      15%        2d5       26%         4
 Airstrike                Air            1%         2d(1-17)  52%         4
 Ice Form                 Ice/Tmut       2%         N/A       52%         4
 Olgreb's Toxic Radiance  Pois           2%         N/A       52%         4
 Summon Lightning Spire   Summ/Air       2%         N/A       52%         4
 Simulacrum               Ice/Necr       1%         N/A       100%        6


Dungeon Overview and Level Annotations

Branches:
Dungeon (5/15)
 Temple: D:4-7

Altars:
Nemelex Xobeh
Trog

Annotations:
D:3 exclusion: bullfrog, Ijyb
D:4 3 runed translucent doors, holysushi's ghost, amateur HOMo
D:5 Edmund


Innate Abilities, Weirdness & Mutations

You are a tree.
Your roots penetrate the ground, keeping you stationary.
You cannot be teleported.
You are immune to unholy pain and torment.
Your maximum health is greatly increased.
Your equipment is partially melded.
((You can breathe bolts of dispelling energy.))
((Your rich purple scales are hard. (AC +6)))
You cannot fit into any form of body armour.
((You are cold-blooded and may be slowed by cold attacks.))


Message History

The magic dart hits Edmund but does no damage.
Edmund shouts!
Casting: Magic Dart (safe; 1% risk of failure)
Confirm with . or Enter, or press ? or * to list all spells.
Casting: Dazzling Flash (dangerous; 5% risk of failure)
Press: ? - help, Dir - look around, f - activate You feel a surge of power!
Edmund is dazzled.
Edmund hits you with a +5 heavy dire flail.
You feel a surge of power!
The magic dart hits Edmund but does no damage.
Edmund hits you with a +5 heavy dire flail!!
You feel a surge of power!
The magic dart hits Edmund!
Edmund is lightly wounded.
You feel a surge of power!
The magic dart hits Edmund but does no damage.
Edmund is lightly wounded.
Edmund hits you with a +5 heavy dire flail!
You are too injured to fight recklessly!
You are too injured to fight recklessly!
You catch the helpless Edmund completely off-guard!
You hit Edmund but do no damage.
Edmund is lightly wounded.
Edmund is no longer blind.
Edmund hits you with a +5 heavy dire flail!
* * * LOW HITPOINT WARNING * * *
Casting: Magic Dart (safe; 1% risk of failure)
Confirm with . or Enter, or press ? or * to list all spells.
Casting: Dazzling Flash (dangerous; 5% risk of failure)
Press: ? - help, Dir - look around, f - activate You feel a surge of power!
Edmund hits you with a +5 heavy dire flail!
* * * LOW HITPOINT WARNING * * *
It was a potion of degeneration.
There was something very wrong with that liquid.
You feel weakened.
You feel dopey.
You feel clumsy.
It was a potion of lignification.
You turn into a tree.
Your +0 pair of boots melds into your body.
Your roots penetrate the ground.
Edmund hits you with a +5 heavy dire flail!
You die...

#.###....<.#...#
#.# #....#####.#
#.###......#...#
#..........#....
###.##.##.......
#.##.##.#..##.
#.##.##.#..##.
######.##)##)#..##.
#.♣..[....)........
#@####.####........
#. #.............
#. #.####.....##.
#. #..# #.....##.
#. ##.# #.##..##.
#. #.# #.##..... #.
##.##.....####
#~.##..####


You could see Edmund.

Vanquished Creatures
  An ogre (D:4)
  2 black bears (D:5)
  Blork the orc (D:4)
  2 scorpions
  An iguana (D:5)
  2 orc wizards
  3 gnolls (D:2)
  10 adders
  A worm (D:2)
  3 dart slugs (D:4)
  11 orcs
  9 ball pythons
  7 endoplasms
  4 giant cockroaches
  6 hobgoblins
  6 jackals (D:2)
  3 quokkas
  6 bats
  2 frilled lizards
  3 goblins
  8 kobolds
  5 rats
96 creatures vanquished.

Vanquished Creatures (others)
  24 plants (D:1)
24 creatures vanquished.

Grand Total: 120 creatures vanquished

Notes
Turn   | Place    | Note
-------+----------+-------------------------------------------
     0 | D:1      | cheesebisquit the Draconian Conjurer began the quest for
                  | the Orb.
     0 | D:1      | Reached XP level 1. HP: 14/14 MP: 3/3
    56 | D:1      | Reached skill level 1 in Fighting
   358 | D:1      | Reached XP level 2. HP: 24/24 MP: 0/5
   433 | D:1      | Reached skill level 2 in Fighting
  1194 | D:2      | Reached skill level 3 in Fighting
  1194 | D:2      | Reached XP level 3. HP: 13/31 MP: 1/6
  1621 | D:2      | Reached skill level 4 in Fighting
  1621 | D:2      | Reached XP level 4. HP: 40/40 MP: 2/7
  2562 | D:3      | Noticed Ijyb
  3031 | D:3      | Found a large runed translucent door.
  3032 | D:3      | Found a large runed translucent door.
  3046 | D:3      | Noticed a bullfrog
  3117 | D:3      | Found a faded altar of an unknown god.
  3159 | D:3      | Reached skill level 5 in Fighting
  3362 | D:3      | Reached XP level 5. HP: 48/48 MP: 4/8
  3716 | D:3      | Found a sparkling altar of Nemelex Xobeh.
  3755 | D:3      | Found a bloodstained altar of Trog.
  3808 | D:3      | Reached skill level 6 in Fighting
  3978 | D:4      | Reached XP level 6. HP: 58/58 MP: 6/9
  4068 | D:4      | Reached skill level 7 in Fighting
  4363 | D:4      | Found a runed translucent gate.
  4363 | D:4      | Found a runed translucent gate.
  4364 | D:4      | Found a runed translucent gate.
  4412 | D:4      | Noticed holysushi's ghost (amateur HOMo)
  4515 | D:4      | Noticed Blork the orc
  4594 | D:4      | Identified the +6 dagger "Oqifushroluff" {venom, rC+ MP+9
                  | Str+4 SInv}
  4594 | D:4      | Identified the +1 leather armour of Duxahaapt {rElec Str-2
                  | Dex+4}
  4917 | D:4      | Killed Blork the orc
  5219 | D:5      | Entered Level 5 of the Dungeon
  5230 | D:5      | Reached skill level 8 in Fighting
  5230 | D:5      | Your scales start taking on a rich purple colour.
  5230 | D:5      | Reached XP level 7. HP: 20/68 MP: 2/10
  5421 | D:5      | Learned a level 3 spell: Dazzling Flash
  5426 | D:5      | Learned a level 4 spell: Fulminant Prism
  5889 | D:5      | Reached skill level 1 in Staves
  5889 | D:5      | Reached skill level 1 in Hexes
  5889 | D:5      | Reached skill level 1 in Evocations
  6218 | D:5      | Noticed Edmund
  6227 | D:5      | Mangled by Edmund

Illustrated notes

Levels and vault maps discovered:
D:1:      roderic_crop_circles_arrival_small, layout_basic
D:2:      layout_basic, palyth_stone_intersect, serial_bayou_pond_b
D:3:      layout_basic, jmf_multi_god_temple2,
          nicolae_ecumenical_snake_handling, nicolae_half_adder, uniq_ijyb
D:4:      layout_loops_cross, biasface_ghost_orc_armoury, bh_walls_and_bars,
          uniq_blork_the_orc
D:5:      layout_loops_ring, serial_rivers, chequers_serial_rivers_large_a,
          chequers_serial_rivers_micro_e, chequers_serial_rivers_micro_d,
          chequers_serial_rivers_large_b, chequers_serial_rivers_small_a,
          chequers_serial_rivers_micro_c, uniq_edmund

Skill      XL: |  1  2  3  4  5  6  7 |
---------------+----------------------+-----
Fighting       | 1 3 4 5 6 8 |  8.3
Staves         | 1 |  1.1
Hexes          | 1 |  1.1
Evocations     | 1 |  1.1
Dodging        | |  1.7
Stealth        | |  1.7
Spellcasting   | |  2.9
Conjurations   | |  4.2

Action                     |  1- 3 |  4- 6 |  7- 9 || total
---------------------------+-------+-------+-------++-------
  Melee: Unarmed           |    49 |     1 |       ||    50
         Tailslap          |     7 |     1 |       ||     8
         Punch             |     1 |       |       ||     1
         Staff             |       |    14 |     6 ||    20
   Cast: Magic Dart        |    68 |   159 |    42 ||   269
         Dazzling Flash    |       |       |     2 ||     2
    Use: Potion            |     1 |     4 |     2 ||     7
   Stab: Invisible         |       |       |     1 ||     1
 Armour: Skin              |    16 |    29 |     9 ||    54
  Dodge: Dodged            |    43 |    47 |    11 ||   101

Table legend: (Time is in decaauts)
 A = Elapsed time spent in this place.
 B = Non-inter-level travel time spent in this place.
 C = Inter-level travel time spent in this place.
 D = Time resting spent in this place.
 E = Time spent auto-exploring this place.
 F = Levels seen in this place.
 G = Mean time per level.
                   A        B        C        D        E       F      G
               +--------+--------+--------+--------+--------+-----+--------+
         Total |   6278 |   6052 |    226 |    366 |   4916 |   5 | 1255.6 |
       Dungeon |   6278 |   6052 |    226 |    366 |   4916 |   5 | 1255.6 |
               +--------+--------+--------+--------+--------+-----+--------+

Top non-repeatable levels by time:
     D:2: 1638 daAuts
     D:3: 1444 daAuts
     D:4: 1358 daAuts
     D:1: 971 daAuts
     D:5: 865 daAuts
